AoeStats
← HELGE!!!!!!!!!!!

Black Forest

509181800Analyzed
4v4 RM · 6d ago on Sep 25, 2026· 50m 15s· 8 players
Game mode
Random Map
Map size
Large (8 player)
Population
200
Speed
Normal
Resources
Standard
Victory
Conquest
Starting age
Dark Age
Ending age
Imperial Age
RankedLock teamsTeams togetherTeam positionsShared explorationLock speedFull tech treeHidden civsTurbo modeCheats
Victory
Defeat
🇸🇪 Persians · Sweden
1309
+13
🇸🇪 Saracens · Sweden
1290
+13
🇸🇪 Malians · Sweden
1269
+14
🇸🇪 Romans · Sweden
1244
+15
🇦🇷 Britons · Argentina
1260
-15
🇦🇷 Portuguese · Argentina
1226
-14
🇦🇷 Lithuanians · Argentina
1219
-13
🇦🇺 Saxons · Australia
1212
-13
Mr. Cold
0:42 Loom
11:26 Feudal Age
16:12 Horse Collar
16:17 Double-Bit Axe
18:34 Castle Age
20:13 Bow Saw
20:06 Heavy Plow
24:11 Wheelbarrow
24:40 Fortified Wall
24:42 Masonry
28:44 Hand Cart
31:33 Imperial Age
29:06 Gold Mining
29:07 Stone Mining
31:47 Fletching
31:57 Padded Archer Armor
32:28 Ballistics
32:57 Conscription
32:51 Bodkin Arrow
33:11 Leather Archer Armor
33:59 Chemistry
33:13 Crossbowman
33:46 Elite Organ Gun
35:10 Stone Shaft Mining
36:14 Two-Man Saw
36:28 Arbalester
37:10 Bracer
37:40 Ring Archer Armor
37:41 Thumb Ring
37:15 Elite Skirmisher
38:51 Scale Barding Armor
38:56 Forging
40:42 Chain Barding Armor
40:57 Iron Casting
40:36 Arquebus
40:00 Light Cavalry
40:50 Bloodlines
40:41 Husbandry
43:12 Plate Barding Armor
43:37 Blast Furnace
44:51 Coinage
44:32 Guilds
45:40 Scale Mail Armor
45:02 Pikeman
46:02 Halberdier
46:59 Chain Mail Armor
48:47 Banking
48:18 Caravan
Kingbirra10
10:41 Feudal Age
14:39 Castle Age
12:47 Double-Bit Axe
12:45 Horse Collar
15:48 Bow Saw
15:39 Heavy Plow
17:04 Fervor
20:33 Wheelbarrow
27:11 Scale Barding Armor
30:08 Imperial Age
27:53 Forging
28:37 Chain Barding Armor
28:56 Stone Mining
29:49 Iron Casting
29:43 Hand Cart
29:33 Devotion
29:54 Loom
31:31 Husbandry
31:41 Bloodlines
32:35 Conscription
32:58 Crop Rotation
33:31 Two-Man Saw
31:59 Elite Leitis
33:24 Gold Mining
34:51 Plate Barding Armor
35:50 Fletching
37:22 Squires
37:07 Arson
36:42 Pikeman
37:25 Scale Mail Armor
38:18 Halberdier
39:19 Chain Mail Armor
40:16 Bodkin Arrow
49:36 Chemistry
48:47 Masonry
PMar
0:43 Loom
12:50 Feudal Age
17:06 Castle Age
14:58 Horse Collar
15:45 Double-Bit Axe
24:57 Wheelbarrow
30:58 Heavy Plow
34:43 Hand Cart
35:32 Bow Saw
35:56 Pikeman
36:37 Squires
38:06 Scale Mail Armor
38:16 Forging
41:50 Chain Mail Armor
44:04 Iron Casting
52:39 Imperial Age
49:58 Town Watch
JUNCAL
1:12 Loom
15:14 Feudal Age
16:15 Double-Bit Axe
19:04 Castle Age
16:50 Horse Collar
18:50 Gold Mining
20:39 Stone Mining
21:53 Wheelbarrow
22:10 Bow Saw
24:13 Fletching
26:27 Ballistics
28:11 Bodkin Arrow
30:43 Hand Cart
36:13 Imperial Age
34:09 Padded Archer Armor
33:41 Crossbowman
36:39 Heavy Plow
36:45 Arbalester
37:29 Bracer
38:35 Chemistry
38:17 Leather Archer Armor
38:28 Yeomen
40:04 Ring Archer Armor
Kent-Agent
7:52 Loom
10:44 Feudal Age
12:01 Horse Collar
12:10 Double-Bit Axe
16:27 Castle Age
15:38 Stone Mining
16:33 Wheelbarrow
19:04 Bow Saw
19:23 Heavy Plow
22:42 Stone Shaft Mining
23:07 Gold Mining
27:15 Gold Shaft Mining
27:56 Forging
27:51 Scale Barding Armor
27:37 Fletching
31:53 Imperial Age
29:40 Hand Cart
29:10 Town Watch
30:05 Iron Casting
30:16 Chain Barding Armor
31:29 Elite War Elephant
33:00 Plate Barding Armor
33:26 Blast Furnace
32:52 Conscription
33:48 Two-Man Saw
33:28 Crop Rotation
33:17 Bloodlines
33:08 Husbandry
33:54 Ballistics
38:31 Chemistry
45:14 Padded Archer Armor
45:09 Bodkin Arrow
45:39 Elite Skirmisher
46:24 Thumb Ring
46:45 Parthian Tactics
46:44 Leather Archer Armor
47:41 Citadels
46:56 Crossbowman
48:01 Kamandaran
Tore Nuke
5:05 Loom
9:05 Feudal Age
9:27 Man-at-Arms
10:04 Double-Bit Axe
18:29 Castle Age
16:53 Stone Mining
19:57 Horse Collar
20:29 Bow Saw
24:16 Wheelbarrow
23:43 Heavy Plow
25:44 Hand Cart
30:23 Gold Mining
34:41 Imperial Age
32:31 Scale Mail Armor
32:41 Forging
32:12 Pikeman
32:52 Squires
33:17 Ballistics
33:36 Gold Shaft Mining
33:39 Ballistas
34:55 Chain Mail Armor
35:15 Iron Casting
35:30 Halberdier
38:08 Blast Furnace
50:49 Conscription
HELGE!!!!!!!!!!!
11:37 Feudal Age
15:36 Castle Age
15:25 Double-Bit Axe
17:21 Bow Saw
36:20 Imperial Age
34:21 Gold Mining
34:35 Horse Collar
34:42 Elite Skirmisher
35:59 Ballistics
36:17 Thumb Ring
36:54 Wheelbarrow
36:10 Town Watch
36:28 Fletching
38:07 Chemistry
37:48 Gold Shaft Mining
37:17 Heavy Plow
37:16 Bodkin Arrow
37:57 Bracer
37:57 Padded Archer Armor
39:21 Husbandry
39:31 Bloodlines
38:53 Heavy Camel Rider
43:03 Light Cavalry
43:06 Elite Mameluke
44:26 Hussar
47:20 Scale Barding Armor
47:26 Forging
Kaos1000
2:01 Loom
15:04 Feudal Age
22:36 Castle Age
20:39 Stone Mining
20:42 Gold Mining
20:49 Horse Collar
21:04 Double-Bit Axe
24:07 Bow Saw
27:12 Scale Mail Armor
27:19 Squires
27:16 Arson
29:38 Wheelbarrow
31:37 Caravan
32:10 Chain Mail Armor
32:05 Forging
32:33 Forging
32:41 Heavy Plow
34:34 Iron Casting
35:21 Scale Barding Armor
40:24 Imperial Age
38:17 Chain Barding Armor
38:21 Bloodlines
39:47 Husbandry
41:25 Tigui
42:02 Hoardings
41:37 Cavalier
42:13 Sappers
43:06 Conscription
42:54 Farimba
44:18 Plate Barding Armor
46:07 Fortified Wall
46:07 Masonry
46:59 Chemistry
46:20 Ballistics
45:23 Elite Gbeto
45:44 Heavy Camel Rider
49:31 Architecture
50:00 Plate Mail Armor
49:22 Fletching
Connection lost

Rejoining the realm…

Still unreachable

The connection could not be restored.

Session expired

The server has moved on; the page needs a fresh start.